 Dungeon Crawl Stone Soup version 0.25.0-26-g0c896c7088 (webtiles) character file.

Game seed: 1397936946003151589

67 mortelune the Chopper (level 4, -8/35 HPs)
             Began as a Demonspawn Chaos Knight on July 4, 2020.
             Was a Plaything of Xom.
             Killed by divine providence
             ... invoked by an orc priest
              (14 damage)
             ... on level 3 of the Dungeon.
             The game lasted 00:04:04 (2314 turns).

mortelune the Chopper (Demonspawn Chaos Knight)     Turns: 2314, Time: 00:04:04

Health: -8/35      AC:  6    Str: 13    XL:     4   Next: 0%
Magic:  4/4        EV: 11    Int: 14    God:    Xom [.*....]
Gold:   84         SH:  0    Dex: 12    Spells: 3/3 levels left

rFire    . . .     SeeInvis .   a - +0 hand axe (chaos)
rCold    . . .     Gourm    .   (no shield)
rNeg     . . .     Faith    .   b - +2 leather armour
rPois    .         Spirit   .   e - +0 helmet
rElec    .         Reflect  .   (no cloak)
rCorr    .         Harm     .   (no gloves)
MR       .....                  (no boots)
Stlth    +.........             R - amulet of regeneration
HPRegen  0.51/turn              (no ring)
MPRegen  0.09/turn              (no ring)

@: confused
A: claws 1, powered by death 1
a: Renounce Religion


You were on level 3 of the Dungeon.
You worshipped Xom.
You were a plaything of Xom.
You were not hungry.

You visited 1 branch of the dungeon, and saw 3 of its levels.

You collected 84 gold pieces.

Inventory:

Hand Weapons
 a - a +0 hand axe of chaos (weapon)
Missiles
 g - 7 curare-tipped darts (quivered)
Armour
 b - a +2 leather armour (worn)
 e - a +0 helmet (worn)
Jewellery
 R - an amulet of regeneration (around neck)
Scrolls
 f - a scroll of magic mapping {unknown}
 h - a scroll of remove curse {unknown}
 k - 3 scrolls of identify {unknown}
 l - a scroll of immolation {unknown}
Comestibles
 c - 6 rations
 d - 3 chunks of flesh


   Skills:
 + Level 3.5 Fighting
 * Level 3.7 Axes
 + Level 2.4 Armour
 - Level 0.8 Dodging


You had 3 spell levels left.
You didn't know any spells.
Your spell library was empty.

Dungeon Overview and Level Annotations

Branches:
Dungeon (3/15)

Altars:
Elyvilon
Yredelemnul


Innate Abilities, Weirdness & Mutations

You have sharp fingernails.
You regenerate a little health from kills.


Message History

The goblin hits the orc with a +0 club.
The goblin hits itself with a +0 club.
The goblin dies!
You see here a rat corpse.
You're too confused to move!
The orc priest calls upon Beogh to heal the orc.
The orc's wounds heal themselves!
The swamp drake breathes noxious fumes at you.
The noxious blast engulfs you but does no damage.
You bump into the rock wall.
You are engulfed in noxious fumes.
You choke on the stench!
You are more confused.
* * * LOW HITPOINT WARNING * * *
The swamp drake bites you but does no damage.
You are engulfed in noxious fumes.
You choke on the stench!
You are more confused.
An orc priest comes into view.
The orc priest invokes the aid of Beogh against you.
Beogh smites you!
You die...
Xom cackles wildly!

##.# ...# ####
.. ### . . .#
######### ..
.......@#####.#
#.###.........#
#.#k#######
#.#.# # #o# #o#
#o# #o#
......ยง.o..oo.#


You could see a swamp drake (catching breath), an orc priest and 3 orcs.

Vanquished Creatures
  2 adders (D:2)
  2 worms (D:2)
  A dart slug (D:2)
  An orc (D:3)
  2 giant cockroaches (D:1)
  9 hobgoblins
  A quokka (D:2)
  8 bats
  5 frilled lizards
  4 goblins
  2 kobolds
  7 rats
44 creatures vanquished.

Vanquished Creatures (others)
  A goblin (D:3)
1 creature vanquished.

Grand Total: 45 creatures vanquished

Notes
Turn   | Place    | Note
-------+----------+-------------------------------------------
     0 | D:1      | mortelune the Demonspawn Chaos Knight began the quest for
                  | the Orb.
     0 | D:1      | Reached XP level 1. HP: 18/18 MP: 1/1
   319 | D:1      | Gained mutation: You have sharp fingernails. [demonic
                  | ancestry]
   319 | D:1      | Reached XP level 2. HP: 24/24 MP: 2/2
   621 | D:1      | XOM is BORED!
   621 | D:1      | XOM: silly message
  1087 | D:2      | Found a white marble altar of Elyvilon.
  1207 | D:2      | Found a basalt altar of Yredelemnul.
  1255 | D:2      | XOM: divination: detect creatures
  1340 | D:2      | Reached XP level 3. HP: 22/29 MP: 3/3
  1443 | D:2      | XOM: smoke on damage
  1546 | D:2      | XOM: confuse monster(s)
  1963 | D:3      | Noticed a swamp drake
  1963 | D:3      | a worm changed into a swamp drake
  1970 | D:3      | XOM: potion effect (haste)
  2293 | D:3      | XOM: 3-stop teleportation journey
  2300 | D:3      | XOM: smoke on damage
  2308 | D:3      | Gained mutation: You regenerate a little health from kills.
                  | [demonic ancestry]
  2308 | D:3      | Reached XP level 4. HP: 7/35 MP: 4/4
  2309 | D:3      | XOM: chaos upgrade
  2314 | D:3      | Killed from afar by an orc priest

Illustrated notes

Levels and vault maps discovered:
D:1:      dpeg_arrival_round_c, layout_basic, chequers_mini_garden, minivault_25
D:2:      minmay_spotlight, layout_basic, kennysheep_ying_yang, fountainhead
D:3:      minmay_angry_zag, layout_loops_ring, first_ration, st_stairs_3

Skill      XL: |  1 |
---------------+----+-----
Axes           | 3 |  3.7
Armour         | 2 |  2.4
Fighting       | |  3.5
Dodging        | |  0.8

Action                   |  1- 3 |  4- 6 || total
-------------------------+-------+-------++-------
Melee: Hand axe          |   137 |       ||   137
  Use: Potion            |     6 |       ||     6
 Stab: Paralysed         |     1 |       ||     1
  Eat: Chunk             |     4 |       ||     4
Armor: Leather armour    |    80 |     2 ||    82
       Skin              |     1 |       ||     1
Dodge: Dodged            |    57 |     1 ||    58
